 Dungeon Crawl Stone Soup version 0.30-a0-879-ga8ba668304 (webtiles) character file.

Game seed: 9030656398510377810

26 Parcival the Grave Robber (level 2, -2/19 HPs)
             Began as a Vampire Necromancer on Mar 13, 2023.
             Slain by Sigmund
             ... wielding a +0 scythe
              (12 damage)
             ... on level 2 of the Dungeon.
             The game lasted 00:04:38 (1115 turns).

Parcival the Grave Robber (Vampire Necromancer)     Turns: 1115, Time: 00:04:40

Health: -2/19      AC:  2    Str:  7    XL:     2   Next: 89%
Magic:  2/5        EV: 12    Int: 17    God:
Gold:   45         SH:  0    Dex: 14    Spells: 4/5 levels left

rFire   . . .      SeeInvis +    g - +0 whip
rCold   . . .      Faith    .    (no shield)
rNeg    . . .      Spirit   .    a - +0 robe
rPois   .          Reflect  .    (no helmet)
rElec   .          Rampage  .    (no cloak)
rCorr   .                        (no gloves)
Will    .....                    (no boots)
Stlth   ++                       (no amulet)
HPRegen 0.43/turn                (no ring)
MPRegen 0.09/turn                (no ring)

@: healing quickly
A: alive, fangs 3, see invisible, vampiric 1
a: Exsanguinate


You were on level 2 of the Dungeon.
You visited 1 branch of the dungeon, and saw 2 of its levels.

You collected 45 gold pieces.

Inventory:

Hand Weapons
 g - a +0 whip (weapon)
Armour
 a - a +0 robe (worn)
Scrolls
 e - a scroll of noise
Potions
 b - a potion of magic
 c - a potion of degeneration {unknown}
 d - 2 potions of curing


   Skills:
 + Level 2.2 Dodging
 + Level 3.0 Stealth
 + Level 2.3 Spellcasting
 + Level 5.1 Necromancy


You had 4 spell levels left.
You knew the following spells:

 Your Spells              Type           Power      Damage    Failure   Level
a - Necrotise             Necr           76%        1d7       2%          1

Your spell library contained the following spells:

 Spells                   Type           Power      Damage    Failure   Level
 Vampiric Draining        Necr           19%        2d7       7%          3
 Animate Dead             Necr           19%        N/A       22%         4
 Agony                    Necr           19%        N/A       54%         5


Dungeon Overview and Level Annotations

Branches:
Dungeon (2/15)

Altars:

Shops:
D:1 [

Annotations:
D:2 Sigmund


Innate Abilities, Weirdness & Mutations

Your natural rate of healing is accelerated.
You have razor-sharp teeth.
You have supernaturally acute eyesight. (SInv)
You are afflicted with vampirism.


Message History

You're too confused to cast spells.
Sigmund hits you with a +0 scythe!
You're too confused to move!
Sigmund barely misses you.
You're too confused to move!
You hit Sigmund but do no damage.
Sigmund is moderately wounded.
Sigmund misses you.
You bump into the rock wall.
Sigmund mumbles some strange words.
Sigmund flickers and vanishes for a moment.
You bump into the rock wall.
Sigmund hits you with a +0 scythe.
You are too confused!
You're too confused to cast spells.
You bump into the rock wall.
You bump into the rock wall.
You feel less confused. Sigmund hits you with a +0 scythe.
Sigmund closely misses you.
Casting: Necrotise (safe; 2% risk of failure)
Confirm with . or Enter, or press ? or * to list all spells.
Aiming: Necrotise (safe; 2% risk of failure)
Press: ? - help, Shift-Dir - straight line, f/p - Sigmund
Aim: Sigmund, wielding a +0 scythe and wearing a +0 robe (moderately wounded, slightly transparent, chance to affect: 84%) Sigmund writhes in agony.
Casting: Necrotise (safe; 2% risk of failure)
Confirm with . or Enter, or press ? or * to list all spells.
Aiming: Necrotise (safe; 2% risk of failure)
Press: ? - help, Shift-Dir - straight line, f/p - Sigmund
Aim: Sigmund, wielding a +0 scythe and wearing a +0 robe (heavily wounded, slightly transparent, chance to affect: 84%) Sigmund writhes in agony.
Sigmund hits you from afar with a +0 scythe.
Casting: Necrotise (safe; 2% risk of failure)
Confirm with . or Enter, or press ? or * to list all spells.
Aiming: Necrotise (safe; 2% risk of failure)
Press: ? - help, Shift-Dir - straight line, f/p - Sigmund
Aim: Sigmund, wielding a +0 scythe and wearing a +0 robe (heavily wounded, slightly transparent, chance to affect: 84%) Sigmund writhes in agony.
Sigmund hits you from afar with a +0 scythe!
Ouch! That really hurt!
You die...

+# ######### .#
#.......# .#
#.......######.#
#....@.@.......#
#.........####.......
#.......#.####.######
#.......<......#
#.......######.#
#..........#...#.#
#...<...##.......#
##.#'#.###########
#...#........


You could see Sigmund (invisible).

Vanquished Creatures
  A ball python (D:2)
  3 endoplasms
  2 giant cockroaches (D:1)
  A goblin (D:1)
  2 hobgoblins (D:1)
  3 jackals (D:1)
  2 quokkas (D:1)
  2 bats (D:1)
  3 frilled lizards (D:1)
  2 kobolds (D:1)
  A rat (D:1)
22 creatures vanquished.

Vanquished Creatures (collateral kills)
  A ball python (D:1)
1 creature vanquished.

Grand Total: 23 creatures vanquished

Notes
Turn   | Place    | Note
-------+----------+-------------------------------------------
     0 | D:1      | Parcival the Vampire Necromancer began the quest for the
                  | Orb.
     0 | D:1      | Reached XP level 1. HP: 13/13 MP: 3/3
   242 | D:1      | Reached XP level 2. HP: 19/19 MP: 1/5
   543 | D:1      | Found Keurim's Armour Boutique.
   664 | D:1      | Found a faded altar of an unknown god.
   701 | D:1      | Reached skill level 5 in Necromancy
  1087 | D:2      | Noticed Sigmund
  1115 | D:2      | Slain by Sigmund

Illustrated notes

Levels and vault maps discovered:
D:1:      shiori_arrival_maze, layout_loops_ring,
          dreamdust_ecumenical_altar_angels_and_demons, serial_shops, shop
D:2:      layout_basic, uniq_sigmund

Skill      XL: |  1  2 |
---------------+-------+-----
Necromancy     | 5 |  5.1
Dodging        | |  2.2
Stealth        | |  3.0
Spellcasting   | |  2.3

Action                     || total
---------------------------++-------
  Melee: Unarmed           ||    18
         Bite              ||     2
         Whip              ||     1
   Cast: Necrotise         ||    36
    Use: Scroll            ||     3
         Potion            ||     2
 Armour: Robe              ||    13
  Dodge: Dodged            ||    25

Table legend: (Time is in decaauts)
 A = Elapsed time spent in this place.
 B = Non-inter-level travel time spent in this place.
 C = Inter-level travel time spent in this place.
 D = Time resting spent in this place.
 E = Time spent auto-exploring this place.
 F = Levels seen in this place.
 G = Mean time per level.
                   A        B        C        D        E       F      G
               +--------+--------+--------+--------+--------+-----+--------+
         Total |   1095 |   1065 |     30 |     21 |    883 |   2 |  547.5 |
       Dungeon |   1095 |   1065 |     30 |     21 |    883 |   2 |  547.5 |
               +--------+--------+--------+--------+--------+-----+--------+

Top non-repeatable levels by time:
     D:1: 1017 daAuts
     D:2: 77 daAuts
